 Dungeon Crawl Stone Soup version 0.21.0-37-g46506fa (webtiles) character file.

450 Miyamura the Skirmisher (level 6, -5/49 HPs)
             Began as a Mummy Wanderer on Feb 1, 2018.
             Slain by a scorpion (6 damage)
             ... in an ossuary.
             The game lasted 00:07:56 (5884 turns).

Miyamura the Skirmisher (Mummy Wanderer)            Turns: 5884, Time: 00:07:57

Health: -5/49      AC:  7    Str: 18    XL:     6   Next: 74%
Magic:  11/11      EV: 12    Int: 11    God:
Gold:   151        SH:  3    Dex: 11    Spells: 8/12 levels left

rFire    x . .     SeeInvis +   a - +4 hand axe
rCold    + . .     Gourm    .   p - +0 buckler
rNeg     + + +     Faith    .   b - +0 ring mail
rPois    ∞         Spirit   .   (no helmet)
rElec    .         Reflect  .   (no cloak)
rCorr    .         Harm     .   t - +1 pair of gloves
MR       .....                  (no boots)
Stlth    +.........             (no amulet)
HPRegen  0.16/turn              i - +1 ring of evasion
MPRegen  0.12/turn              l - ring of see invisible

@: no status effects
A: no food or potions, fire vulnerability, cold resistance 1, negative energy
resistance 3, torment resistance, unbreathing
a: no special abilities


You were in an ossuary.
You were not hungry.

You visited 1 branch of the dungeon, and saw 5 of its levels.
You also visited: Ossuary.

You collected 151 gold pieces.

Inventory:

Hand Weapons
 a - a +4 hand axe (weapon)
 u - a +0 vampiric spear
Missiles
 d - 114 stones (quivered)
 k - 13 poisoned needles
 m - 13 arrows
 n - 8 tomahawks
 o - 20 bolts
Armour
 b - a +0 ring mail (worn)
 p - a +0 buckler (worn)
 t - a +1 pair of gloves (worn)
Jewellery
 i - a +1 ring of evasion (left hand)
 l - a ring of see invisible (right hand)
Wands
 q - a wand of polymorph (6)
Scrolls
 e - 3 scrolls of remove curse
 f - 5 scrolls of amnesia
 g - 2 scrolls of identify
 h - a scroll of fog
 s - a scroll of magic mapping
Books
 r - a book of Maledictions

   Spells                             Type                      Level
   a - Corona                         Hexes                        1
   b - Ensorcelled Hibernation        Hexes/Ice                    2
   c - Confuse                        Hexes                        3
   d - Tukima's Dance                 Hexes                        3
   e - Dazzling Spray                 Conjuration/Hexes            3


   Skills:
 + Level 4.4 Fighting
 - Level 2.4 Axes
   Level 1.0 Staves
 + Level 2.7 Dodging
 + Level 3.0 Stealth
 + Level 1.5 Shields
 + Level 3.8 Spellcasting
 - Level 1.0 Evocations


You had 8 spell levels left.
You knew the following spells:

 Your Spells              Type           Power        Failure   Level  Hunger
a - Corona                Hex            #......      52%         1    N/A
c - Confuse               Hex            #.......     88%         3    N/A

Dungeon Overview and Level Annotations

Branches:
Dungeon (5/15)             Temple (0/1) D:4

Altars:
Trog
Uskayaw
Xom

Shops:
D:5 }

Annotations:
D:5 Blork the orc


Innate Abilities, Weirdness & Mutations

You do not eat or drink.
Your flesh is vulnerable to fire.
You are immune to poison.
Your flesh is cold resistant. (rC+)
You are immune to negative energy. (rN+++)
You are immune to unholy pain and torment.
You can survive without breathing.


Message History

The centaur zombie is heavily damaged.
The centaur zombie closely misses you. The centaur zombie misses you.
You hit the centaur zombie.
The centaur zombie is heavily damaged.
The centaur zombie barely misses you.
You slash the centaur zombie!
The centaur zombie is severely damaged.
The centaur zombie hits you! The centaur zombie barely misses you.
You barely miss the centaur zombie.
The centaur zombie is severely damaged.
The centaur zombie hits you. The centaur zombie closely misses you.
Okay, then.
You hit the centaur zombie.
The centaur zombie is almost destroyed.
The centaur zombie closely misses you.
You slash the centaur zombie!
You destroy the centaur zombie!
Your Stealth skill increases to level 3!
The scorpion stings you.
You die...

#...8...
#.......
##8...8##
...s...#
.8...#
#...#
######'##
#...#...#
#.∩@sZ∩.#
#...#...#
#########


You could see a scorpion and a human zombie.

Vanquished Creatures
  A big kobold (D:2)
  A scorpion (D:5)
  A centaur zombie (Ossuary)
  An iguana (D:4)
  4 worker ants (D:4)
  An orc wizard (D:3)
  2 gnolls (D:5)
  4 adders
  2 oozes
  2 worms
  2 dart slugs
  A leopard gecko (D:1)
  3 orcs
  5 giant cockroaches
  3 goblins
  14 hobgoblins
  10 kobolds
  4 quokkas
  2 ball pythons
  10 bats
  2 frilled lizards (D:2)
  8 rats
83 creatures vanquished.

Notes
Turn   | Place    | Note
-------+----------+-------------------------------------------
     0 | D:1      | Miyamura the Mummy Wanderer began the quest for the Orb.
     0 | D:1      | Miyamura set off with: a +2 hand axe, a +0 ring mail, a scroll of teleportation
     0 | D:1      | Reached XP level 1. HP: 18/18 MP: 1/1
    61 | D:1      | You fall through a shaft!
    61 | D:2      | Noticed a big kobold
   369 | D:1      | Reached skill level 1 in Spellcasting
   369 | D:1      | Reached XP level 2. HP: 24/24 MP: 3/3
   581 | D:1      | Found a shimmering altar of Xom.
   848 | D:1      | Reached XP level 3. HP: 24/29 MP: 5/5
  1440 | D:2      | Killed a big kobold
  1440 | D:2      | Reached XP level 4. HP: 14/37 MP: 5/7
  2357 | D:2      | Reached XP level 5. HP: 42/42 MP: 7/9
  3717 | D:3      | Reached skill level 4 in Fighting
  4197 | D:4      | Reached skill level 1 in Shields
  4197 | D:4      | Reached XP level 6. HP: 8/48 MP: 10/10
  4450 | D:4      | Learned a level 3 spell: Confuse
  4452 | D:4      | Learned a level 1 spell: Corona
  4478 | D:4      | Found a bloodstained altar of Trog.
  4488 | D:4      | Found a staircase to the Ecumenical Temple.
  4607 | D:4      | Found a hide-covered altar of Uskayaw.
  5240 | D:5      | Entered Level 5 of the Dungeon
  5256 | D:5      | Noticed Blork the orc
  5278 | D:5      | Noticed Blork
  5278 | D:5      | Blork the orc changed into Blork the bullfrog
  5528 | D:5      | Noticed Blork
  5528 | D:5      | Blork the bullfrog changed into Blork the naga
  5818 | D:5      | Found Dobuw's Gadget Emporium.
  5835 | D:5      | Found a sand-covered staircase.
  5841 | Ossuary  | Entered an ossuary
  5882 | Ossuary  | HP: 1/49 [centaur zombie (2)]
  5884 | Ossuary  | Slain by a scorpion

Skill      XL: |  1  2  3  4  5  6 |
---------------+-------------------+-----
Spellcasting   | 1 2 3 |  3.8
Stealth        | 2 3 |  3.0
Dodging        | 2 |  2.7
Fighting       | 4 |  4.4
Shields        | 1 |  1.5
Axes           | |  2.4
Staves         | |  1.0
Evocations     | |  1.0

Action                   |  1- 3 |  4- 6 || total
-------------------------+-------+-------++-------
Melee: Hand axe          |    77 |   277 ||   354
       Spear             |       |     6 ||     6
Evoke: Wand              |       |     3 ||     3
  Use: Scroll            |     1 |    12 ||    13
 Stab: Sleeping          |       |     1 ||     1
Armor: Ring mail         |    27 |    71 ||    98
Dodge: Dodged            |    49 |   194 ||   243
Block: Buckler           |       |    29 ||    29
